 Dungeon Crawl Stone Soup version 0.30.0-30-g96aa6591b8 (webtiles) character file.

Game seed: 3914461602120023116

156 javelincjr the Magician (level 5, 0/38 HPs)
             Began as a Demonspawn Hedge Wizard on June 30, 2023.
             Succumbed to a kobold's poison
             ... on level 3 of the Dungeon.
             The game lasted 00:10:14 (2141 turns).

javelincjr the Magician (Demonspawn Hedge Wizard)   Turns: 2141, Time: 00:10:15

Health: 0/38       AC:  4    Str: 10    XL:     5   Next: 15%
Magic:  9/10       EV: 12    Int: 18    God:
Gold:   214        SH:  0    Dex: 12    Spells: 7/10 levels left

rFire   + . .        n - +3 war axe of Bedazzling Destruction {flame, rC+}
rCold   + . .        (no shield)
rNeg    + . .        b - +0 robe
rPois   .            c - +0 hat
rElec   .            (no cloak)
rCorr   .            (no gloves)
SInv    .            (no boots)
Will    .....        (no amulet)
Stlth   ++           g - ring of protection from fire
HPRegen 0.26/turn    o - ring of positive energy
MPRegen 0.24/turn

%: no passive effects
@: lethally poisoned (0 -> -5), on berserk cooldown, flying, slowed, very slow
A: rugged brown scales 2, magic regeneration
a: no special abilities


You were on level 3 of the Dungeon.
You visited 1 branch of the dungeon, and saw 3 of its levels.

You collected 214 gold pieces.

Inventory:

Hand Weapons
 a - a +0 dagger
 h - a +0 short sword of venom
 n - the +3 war axe of Bedazzling Destruction (weapon) {flame, rC+}
   (You found it on level 2 of the Dungeon)

   rC:        It protects you from cold.
Armour
 b - a +0 robe (worn)
 c - a +0 hat (worn)
Magical Staves
 t - a staff of death
Jewellery
 g - a ring of protection from fire (left hand)
 o - a ring of positive energy (right hand)
Scrolls
 j - 2 scrolls of identify {unknown}
 k - 3 scrolls of teleportation {unknown}
 l - a scroll of blinking {unknown}
 m - 2 scrolls of fog {unknown}
 p - a scroll of brand weapon {unknown}
 r - a scroll of amnesia {unknown}
Potions
 d - a potion of magic
 e - a potion of berserk rage
 i - a potion of lignification {unknown}
 q - a potion of heal wounds {unknown}
 s - a potion of curing {unknown}


   Skills:
 + Level 1.5 Fighting
 + Level 2.5 Dodging
 + Level 2.5 Stealth
 + Level 3.4 Spellcasting
 + Level 2.0 Conjurations
 + Level 2.0 Summonings
 + Level 1.6 Translocations


You had 7 spell levels left.
You knew the following spells:

 Your Spells              Type           Power      Damage    Failure   Level
a - Magic Dart            Conj           40%        1d5       7%          1
b - Call Imp              Summ           20%        N/A       11%         2

Your spell library contained the following spells:

 Spells                   Type           Power      Damage    Failure   Level
 Blink                    Tloc           18%        N/A       12%         2
 Slow                     Hex            12%        N/A       16%         1
 Cigotuvi's Dreadful Rot  Necr/Pois/Air  6%         N/A       24%         2
 Mephitic Cloud           Conj/Pois/Air  5%         N/A       34%         3
 Confusing Touch          Hex            3%         N/A       43%         3
 Vampiric Draining        Necr           3%         2d6       43%         3


Dungeon Overview and Level Annotations

Branches:
Dungeon (3/15)

Altars:
Ashenzari


Innate Abilities, Weirdness & Mutations

You are mostly covered in rugged brown scales. (AC +2, +5% HP)
You regenerate magic rapidly.


Message History

The kobold hits you with a +2 whip of venom.
The kobold barely misses you.
You barely miss the kobold.
You feel very sick. The kobold misses you.
Casting: Call Imp (safe; 11% risk of failure)
Confirm with . or Enter, or press ? or * to list all spells.
A tiny devil pulls itself out of the air.
You feel very sick. The kobold hits you but does no damage.
You are lethally poisoned!
You slash the kobold! You burn the kobold.
You kill the kobold!
* * * LOW HITPOINT WARNING * * *
You feel very sick.
It was a potion of berserk rage.
A red film seems to cover your vision as you go berserk!
You feel yourself moving faster!
You feel mighty!
* * * LOW HITPOINT WARNING * * *
You feel very sick.
You are too berserk!
There is a lethal amount of poison in your body!
You are too berserk!
You feel a strong urge to attack something.
* * * LOW HITPOINT WARNING * * *
You feel sick.
* * * LOW HITPOINT WARNING * * *
You feel sick.
You feel your anger nearly subside.
* * * LOW HITPOINT WARNING * * *
You feel sick.
You are no longer berserk.
You are exhausted.
You feel yourself slow down.
* * * LOW HITPOINT WARNING * * *
You feel sick.
It was a potion of flight.
You feel very buoyant.
You fly up into the air.
You die...

###############
####.......... ..#
........#### #5#
####.##.# #@# # #.##.#
#.# #
#.##.########.######..
#
#.##.....<.#...†......
#
#.##.#####....######..
# #.##†# #.##.# #
#....# #.....#
#######.# ##.####
........#####.#


You could see a friendly cerulean imp (summoned).

Vanquished Creatures
  An orc wizard (D:3)
  3 gnolls (D:2)
  2 adders
  2 worms
  3 dart slugs
  5 orcs (D:3)
  5 ball pythons
  5 bats
  2 endoplasms
  2 giant cockroaches (D:2)
  2 goblins
  4 hobgoblins
  6 jackals (D:1)
  3 quokkas
  A frilled lizard (D:2)
  4 kobolds
  5 rats
55 creatures vanquished.

Vanquished Creatures (collateral kills)
  A worm (D:3)
  A dart slug (D:2)
  An endoplasm (D:2)
  A ball python (D:1)
  A bat (D:2)
  2 frilled lizards
  A kobold (D:3)
8 creatures vanquished.

Grand Total: 63 creatures vanquished

Notes
Turn   | Place    | Note
-------+----------+-------------------------------------------
     0 | D:1      | javelincjr the Demonspawn Hedge Wizard began the quest for
                  | the Orb.
     0 | D:1      | Reached XP level 1. HP: 13/13 MP: 4/4
   129 | D:1      | Reached skill level 1 in Translocations
   245 | D:1      | Gained mutation: You are partially covered in rugged brown
                  | scales. (AC +1, +3% HP) [demonic ancestry]
   245 | D:1      | Reached XP level 2. HP: 6/19 MP: 1/6
   248 | D:1      | Learned a level 2 spell: Call Imp
   882 | D:2      | Gained mutation: You regenerate magic rapidly. [demonic
                  | ancestry]
   882 | D:2      | Reached XP level 3. HP: 22/25 MP: 3/7
  1023 | D:2      | Reached skill level 1 in Fighting
  1106 | D:2      | Gained mutation: You are mostly covered in rugged brown
                  | scales. (AC +2, +5% HP) [demonic ancestry]
  1106 | D:2      | Reached XP level 4. HP: 25/33 MP: 8/8
  1290 | D:2      | Identified the +3 war axe of Bedazzling Destruction {flame,
                  | rC+}
  1732 | D:3      | Found a broken altar of Ashenzari.
  1938 | D:3      | Reached XP level 5. HP: 27/38 MP: 10/10
  2141 | D:3      | Succumbed to a kobold's poison

Illustrated notes

Levels and vault maps discovered:
D:1:      dpeg_arrival_simpleton_b, layout_rooms
D:2:      minmay_door_path, layout_rooms
D:3:      layout_loops_ring, nicolae_tso_swordbearing_angel,
          general_overflow_altar

Skill      XL: |  1  2  3  4  5 |
---------------+----------------+-----
Translocations | 1 |  1.6
Dodging        | 2 |  2.5
Stealth        | 2 |  2.5
Fighting       | 1 |  1.5
Summonings     | 2 |  2.0
Conjurations   | 2 |  2.0
Spellcasting   | |  3.4

Action                     |  1- 3 |  4- 6 || total
---------------------------+-------+-------++-------
  Melee: Dagger            |    43 |       ||    43
         Short sword       |    49 |    10 ||    59
         War axe           |       |    47 ||    47
   Cast: Magic Dart        |    18 |       ||    18
         Call Imp          |    11 |     7 ||    18
    Use: Potion            |       |     2 ||     2
   Stab: Sleeping          |       |     2 ||     2
 Armour: Robe              |    30 |    23 ||    53
  Dodge: Dodged            |    73 |    62 ||   135
